 Dungeon Crawl Stone Soup version 0.29.1-15-g9cfb28693d (webtiles) character file.

Game seed: 10270651048272299131

499 leafyfresh the Covert (level 7, -1/50 HPs)
             Began as an Octopode Delver on Mar 4, 2023.
             Was an Initiate of Ashenzari.
             Succumbed to a kobold's poison
             ... in a sewer.
             The game lasted 00:03:03 (1679 turns).

leafyfresh the Covert (Octopode Delver)             Turns: 1679, Time: 00:03:03

Health: -1/50      AC:  1    Str:  8 (11) XL:     7   Next: 16%
Magic:  7/7        EV: 14    Int: 13 (14) God:    Ashenzari [......]
Gold:   25         SH:  0    Dex: 11 (14) Spells: 6/6 levels left

rFire   . . .      SeeInvis .   g - +4 dagger of Perversion {holy, +Blink}
rCold   . . .      Faith    .   (no shield)
rNeg    . . .      Spirit   .   (helmet restricted)
rPois   .          Reflect  .   (no amulet)
rElec   .          Harm     .   (no ring)
rCorr   .          Rampage  .   (no ring)
Will    .....                   (no ring)
Stlth   +++++.....              (no ring)
HPRegen 0.16/turn               (no ring)
MPRegen 0.10/turn               (no ring)
                                (no ring)
                                (no ring)

@: mighty, brilliant, lethally poisoned (-1 -> -6), attractive
A: almost no armour, amphibious, 8 rings, camouflage 1, gelatinous body 1,
(nimble swimmer 1), tentacles
a: Renounce Religion, Evoke Blink


You were in a sewer.
You worshipped Ashenzari.
Ashenzari was noncommittal.
You visited 1 branch of the dungeon, and saw 2 of its levels.
You also visited: Sewer.

You collected 25 gold pieces.

Inventory:

Hand Weapons
 a - a +0 short sword
 g - the +4 dagger of Perversion (weapon) {holy, +Blink}
   (You found it on level 5 of the Dungeon)

   It has been blessed by the Shining One to cause great damage to the undead
   and demons.
   +Blink:    It lets you blink.
Jewellery
 k - an amulet of magic regeneration
Wands
 f - a wand of digging (3)
Scrolls
 b - a scroll of fog
 c - a scroll of magic mapping
 j - a scroll of teleportation {unknown}
 m - a scroll of amnesia {unknown}
 n - a scroll of poison {unknown}
 o - a scroll of enchant weapon {unknown}
Potions
 e - 2 potions of haste
 i - a potion of degeneration
 l - a potion of attraction


   Skills:
 + Level 5.1 Fighting
 - Level 2.0 Short Blades
 + Level 4.6 Dodging
 - Level 9.0 Stealth


You had 6 spell levels left.
You didn't know any spells.
Your spell library contained the following spells:

 Spells                   Type           Power      Damage    Failure   Level
 Anguish                  Hex/Necr       0%         N/A       97%         4
 Enfeeble                 Hex            0%         N/A       100%        7


Dungeon Overview and Level Annotations

Branches:
Dungeon (5/15)              Sewer (1/1)
 Temple: D:4-7

Altars:
Ashenzari
Gozag
Nemelex Xobeh


Innate Abilities, Weirdness & Mutations

You cannot wear most types of armour.
You are amphibious.
You can wear up to eight rings at the same time.
Your skin changes colour to match your surroundings (Stealth+).
Your rubbery body absorbs attacks. (AC +1, EV +1)
((You are camouflaged when in or above water. (Stealth+)))
You have tentacles for arms and can constrict up to eight enemies at once.


Message History

You are too injured to fight recklessly!
Unknown command.
You hit the kobold brigand but do no damage.
The kobold brigand is moderately wounded.
You constrict the kobold brigand.
* * * LOW HITPOINT WARNING * * *
You feel very sick. The kobold closely misses you.
The kobold brigand completely misses you.
As you read the scroll of fear, it crumbles to dust.
You assume a fearsome visage.
The kobold brigand looks frightened!
The kobold looks frightened!
You constrict the kobold brigand.
* * * LOW HITPOINT WARNING * * *
You feel very sick.
The kobold brigand struggles to escape constriction.
Unknown command.
You release your grip on the kobold brigand.
* * * LOW HITPOINT WARNING * * *
You feel very sick.
The kobold nearly stumbles in trying to escape.
It was a potion of degeneration.
There was something very wrong with that liquid.
You feel weakened.
You feel dopey.
You feel clumsy.
* * * LOW HITPOINT WARNING * * *
You feel very sick.
It was a potion of might.
You feel very mighty all of a sudden.
* * * LOW HITPOINT WARNING * * *
You feel sick.
The kobold begs for mercy.
Cornered, the kobold turns to fight!
Cornered, the kobold brigand turns to fight!
It was a potion of attraction.
You feel attractive to monsters.
* * * LOW HITPOINT WARNING * * *
You feel sick.
The kobold brigand is attracted toward you.
It was a potion of brilliance.
You feel clever all of a sudden.
You die...

.~ P~~
~~~#################
~~~~~~~~~~~~~~~~~~≈#
≈≈≈≈~≈≈≈≈≈~≈≈≈≈≈~≈≈#
~~~~~~~~~~~~~~~~~~≈#
######~~########'###
....~~~~P.#)?..#...#
J...~~P~..'@KK?#.∩.#
..........'.!§.#.∩.#
.......P..#..!.#####
........########
.....##.# ##### ###


You could see a kobold brigand and a kobold.

Vanquished Creatures
  An ogre (D:5)
  A kobold brigand (Sewer)
  3 scorpions (D:5)
  2 hounds (D:5)
  2 iguanas (D:5)
  3 gnolls (D:5)
  2 adders
  A worm (D:4)
  3 endoplasms
  A giant cockroach (D:4)
  A quokka (D:5)
20 creatures vanquished.

Notes
Turn   | Place    | Note
-------+----------+-------------------------------------------
     0 | D:5      | leafyfresh the Octopode Delver began the quest for the Orb.
     0 | D:5      | Reached XP level 1. HP: 16/16 MP: 1/1
    10 | D:5      | Identified the +4 dagger of Perversion {holy, +Blink}
    20 | D:5      | Found an opulent altar of Gozag.
    66 | D:5      | Noticed a scorpion
    70 | D:5      | Killed a scorpion
    71 | D:5      | Reached skill level 7 in Stealth
    71 | D:5      | Reached XP level 2. HP: 22/22 MP: 2/2
    71 | D:5      | Reached XP level 3. HP: 27/27 MP: 3/3
    71 | D:5      | Reached XP level 4. HP: 33/33 MP: 4/4
   288 | D:5      | Reached XP level 5. HP: 37/37 MP: 5/5
   476 | D:5      | Found a broken altar of Ashenzari.
   519 | D:5      | Became a worshipper of Ashenzari the Shackled
   648 | D:5      | Reached skill level 8 in Stealth
   983 | D:5      | Reached XP level 6. HP: 44/44 MP: 6/6
  1284 | D:5      | Found a sparkling altar of Nemelex Xobeh.
  1369 | D:4      | Reached skill level 5 in Fighting
  1396 | D:4      | Found a glowing drain.
  1458 | Sewer    | Entered a sewer
  1668 | Sewer    | Reached skill level 9 in Stealth
  1668 | Sewer    | Reached XP level 7. HP: 50/50 MP: 7/7
  1677 | Sewer    | HP: 1/50 [poisoned by a kobold]
  1679 | Sewer    | Succumbed to a kobold's poison

Illustrated notes

Levels and vault maps discovered:
D:4:      layout_rooms, kennysheep_little_box, gup_sewer_entry_bubbles,
          gammafunk_ghost_mausoleum, minmay_between
D:5:      cheibrodos_quashed, layout_loops_corners, mainiacjoe_overflow_paths,
          nemelex_dance_club_becter, mainiacjoe_overflow_alcove_1,
          chequers_arboretum, guppyfry_early_lair_pool
Sewer:    kennysheep_pipe_town

Skill      XL: |  1  2  3  4  5  6 |
---------------+-------------------+-----
Stealth        | 7 8 9 |  9.0
Dodging        | 3 4 |  4.6
Fighting       | 4 5 |  5.1
Short Blades   | |  2.0

Action                   |  1- 3 |  4- 6 |  7- 9 || total
-------------------------+-------+-------+-------++-------
Melee: Dagger            |     1 |    47 |     4 ||    52
       Tentacles         |       |    10 |       ||    10
       Constrict         |       |     8 |     1 ||     9
       Punch             |       |     1 |       ||     1
  Use: Potion            |       |       |     4 ||     4
       Scroll            |       |       |     1 ||     1
 Stab: Sleeping          |     1 |     9 |       ||    10
Armor: Skin              |       |     2 |     1 ||     3
Dodge: Dodged            |       |    16 |     3 ||    19
